 Dungeon Crawl Stone Soup version 0.21.1-1-g345015f (webtiles) character file.

249 Mgcat the Insei (level 6, -2/41 HPs)
             Began as an Octopode Transmuter on Mar 23, 2018.
             Was a Believer of Jiyva.
             Slain by a worker ant (7 damage)
             ... on level 4 of the Dungeon.
             The game lasted 00:08:02 (2671 turns).

Mgcat the Insei (Octopode Transmuter)               Turns: 2671, Time: 00:08:02

Health: -2/41      AC:  1    Str:  9    XL:     6   Next: 12%
Magic:  7/9        EV: 20    Int: 14    God:    Jiyva [**....]
Gold:   149        SH:  0    Dex: 21    Spells: 3/9 levels left

rFire    . . .     SeeInvis .     - Unarmed
rCold    . . .     Gourm    .   (no shield)
rNeg     . . .     Faith    .   (helmet restricted)
rPois    .         Spirit   .   (no amulet)
rElec    .         Reflect  .   (no ring)
rCorr    .         Harm     .   (no ring)
MR       .....                  (no ring)
Stlth    +++++.....             (no ring)
HPRegen  0.13/turn              (no ring)
MPRegen  0.11/turn              (no ring)
                                (no ring)
                                (no ring)

@: agile, lethally poisoned (-2 -> -6)
A: almost no armour, stealthy swim, amphibious, 8 rings, constrict 8, camouflage
1, gelatinous body 1
a: Request Jelly, Renounce Religion


You were on level 4 of the Dungeon.
You worshipped Jiyva.
Jiyva was pleased with you.
You were not hungry.

You visited 1 branch of the dungeon, and saw 4 of its levels.

You collected 149 gold pieces.

Inventory:

Missiles
 a - 50 arrows
Scrolls
 d - 3 scrolls of random uselessness {unknown}
 e - 2 scrolls of amnesia {unknown}
 f - a scroll of enchant armour {unknown}
 g - 2 scrolls of remove curse {unknown}
 i - 2 scrolls of identify {unknown}
 j - 3 scrolls of teleportation {unknown}
Potions
 k - a potion of curing
 m - a potion of brilliance {unknown}
 n - a potion of haste {unknown}
Books
 b - a book of Changes
Comestibles
 c - 7 rations
 l - 7 chunks of flesh {@w0}


   Skills:
 + Level 2.7 Fighting
 + Level 3.2 Dodging
 + Level 3.6 Stealth
 + Level 4.1 Unarmed Combat
 - Level 2.0 Spellcasting
 - Level 3.0 Transmutations


You had 3 spell levels left.
You knew the following spells:

 Your Spells              Type           Power        Failure   Level  Hunger
a - Beastly Appendage     Tmut           #.....       7%          1    ##.....
b - Sticks to Snakes      Tmut           #.......     11%         2    ###....
c - Spider Form           Tmut/Pois      #.........   36%         3    ####...


Dungeon Overview and Level Annotations

Branches:
Dungeon (4/15)
 Temple: D:4-7

Altars:
Gozag
Qazlal
Jiyva


Innate Abilities, Weirdness & Mutations

You cannot wear most types of armour.
You are very stealthy in the water. (Stealth+)
You are amphibious.
You can wear up to eight rings at the same time.
You can use your tentacles to constrict eight enemies at once.
Your skin changes colour to match your surroundings (Stealth+).
Your rubbery body absorbs attacks. (AC +1, EV +1)


Message History

The orc wizard hits you but does no damage.
You tentacle-slap the orc wizard.
Your tentacle spike misses the orc wizard.
The orc wizard is lightly wounded.
You constrict the orc wizard. The orc closely misses you.
The orc wizard hits you with a dagger.
You tentacle-slap the orc wizard but do no damage.
You pierce the orc wizard, but do no damage.
You squeeze the orc wizard.
The orc wizard is moderately wounded.
You constrict the orc wizard.
The orc wizard hits you but does no damage.
The orc barely misses you.
You hear a distant slurping noise.
You feel a little less hungry.
You tentacle-slap the orc wizard.
You pierce the orc wizard.
The orc wizard is severely wounded.
You constrict the orc wizard.
You hear a distant slurping noise.
You feel a little less hungry.
The orc wizard casts a spell.
The orc wizard seems to speed up.
The orc hits you from afar with a trident.
You tentacle-slap the orc wizard.
You kill the orc wizard!
You have reached level 6!
Your experience leads to an increase in your attributes!
Increase (S)trength, (I)ntelligence, or (D)exterity?
You feel clever.
You hear a distant slurping noise.
Jiyva appreciates your sacrifice. The orc completely misses you.
You tentacle-slap the orc but do no damage.
Your grab misses the orc.
You pierce the orc, but do no damage.
Your squeeze misses the orc. The orc misses you.
You hear a distant slurping noise.
The orc closely misses you.
You tentacle-slap the orc but do no damage.
Your grab misses the orc. The orc closely misses you.
You tentacle-slap the orc. Your grab misses the orc.
Your squeeze misses the orc.
The orc is moderately wounded.
The orc hits you from afar with a trident.
You hear a distant slurping noise.
You feel a little less hungry. The orc closely misses you.
A worker ant comes into view.
The worker ant twitches its antennae in your direction.
You tentacle-slap the orc but do no damage.
You grab the orc.
You kill the orc!
The orc closely misses you. The orc hits you with a trident!
* * * LOW HITPOINT WARNING * * *
You hear a distant slurping noise.
You feel a little less hungry.
You hear a squelching noise.
Items here: $ ( )))) ? [[[[ ††† You barely miss the orc.
You grab the orc.
You pierce the orc.
You squeeze the orc, but do no damage.
The orc is severely wounded.
You constrict the orc. The orc misses you.
You tentacle-slap the orc.
You kill the orc!
Your tentacle spike disappears.
You hear a distant slurping noise.
Jiyva appreciates your sacrifice.
You hear a distant slurping noise.
You feel a little less hungry. The worker ant bites you.
* * * LOW HITPOINT WARNING * * *
You are poisoned.
The worker ant poisons you!
It was a potion of agility.
You feel agile all of a sudden.
You feel sick. The worker ant misses you.
Okay, then.
Unknown command.
You tentacle-slap the worker ant. You grab the worker ant.
The worker ant is moderately wounded.
You constrict the worker ant, but do no damage.
You feel sick.
You hear a distant slurping noise.
The worker ant completely misses you.
Casting: Beastly Appendage
Confirm with . or Enter, or press ? or * to list all spells.
You create a snake!
You now have 50 arrows.
You constrict the worker ant. The worker ant closely misses you.
You constrict the worker ant, but do no damage.
You feel sick. The worker ant bites you.
* * * LOW HITPOINT WARNING * * *
Your ball python bites the worker ant but does no damage.
You tentacle-slap the worker ant. You squeeze the worker ant.
The worker ant is severely wounded.
You constrict the worker ant.
* * * LOW HITPOINT WARNING * * *
You feel sick. The worker ant misses you.
Your ball python bites the worker ant but does no damage.
You tentacle-slap the worker ant.
The worker ant is almost dead.
You constrict the worker ant. The worker ant bites you!
You die...

.............................#
#.....####.#########..#####.#
#.....####.## #..# #.#
#...........# #..# #.#
#...........# #..# #.#
#...........### #..# #.#
#.............# #..# #.#
#..(..#######.# ...# #.##
####### #@# #.## #..# #...)a#
.#######.# ......S..
.........# .##.......
.#######.. #..####.# #.. #..
.# ##. #. .# #. .. . # #.
...####


You could see a worker ant and a friendly ball python.

Vanquished Creatures
  An orc wizard (D:4)
  A hound (D:4)
  An orc priest (D:4)
  Jessica (D:2)
  A worker ant (D:2)
  An adder (D:2)
  3 gnolls (D:3)
  2 dart slugs
  3 leopard geckos
  5 orcs
  A ball python (D:2)
  5 giant cockroaches
  4 goblins
  5 hobgoblins
  10 kobolds
  2 quokkas
  9 bats
  4 frilled lizards
  10 rats
69 creatures vanquished.

Vanquished Creatures (others)
  Robin (D:3)
  A giant cockroach (D:3)
  2 hobgoblins (D:3)
  9 goblins (D:3)
  A kobold (D:3)
  2 rats (D:3)
16 creatures vanquished.

Grand Total: 85 creatures vanquished

Notes
Turn   | Place    | Note
-------+----------+-------------------------------------------
     0 | D:1      | Mgcat the Octopode Transmuter began the quest for the Orb.
     0 | D:1      | Reached XP level 1. HP: 13/13 MP: 3/3
   310 | D:1      | Reached XP level 2. HP: 17/18 MP: 3/5
   361 | D:1      | Reached skill level 1 in Stealth
   726 | D:2      | Reached XP level 3. HP: 20/23 MP: 4/6
   758 | D:2      | Noticed Jessica
   763 | D:2      | Learned a level 2 spell: Sticks to Snakes
   767 | D:2      | Learned a level 3 spell: Spider Form
   774 | D:2      | HP: 4/23 [Jessica/nerve-wracking pain (14)]
   776 | D:2      | Killed Jessica
   776 | D:2      | Reached skill level 2 in Stealth
   967 | D:2      | HP: 4/24 [worker ant (4)]
   969 | D:2      | Reached XP level 4. HP: 12/29 MP: 7/7
  1119 | D:2      | Found an opulent altar of Gozag.
  1298 | D:2      | Reached skill level 2 in Fighting
  1372 | D:2      | Found a faded altar of an unknown god.
  1443 | D:2      | Became a worshipper of Jiyva Jeywaziy the Shapeless
  1443 | D:2      | Reached * piety under Jiyva
  1691 | D:3      | Reached XP level 5. HP: 22/34 MP: 5/8
  1699 | D:3      | Killed Robin
  1703 | D:3      | Reached ** piety under Jiyva
  2051 | D:3      | Found a stormy altar of Qazlal.
  2430 | D:4      | Reached skill level 3 in Stealth
  2432 | D:4      | Reached skill level 3 in Transmutations
  2634 | D:4      | Reached skill level 3 in Dodging
  2651 | D:4      | Reached skill level 4 in Unarmed Combat
  2658 | D:4      | Reached XP level 6. HP: 21/41 MP: 9/9
  2666 | D:4      | HP: 10/41 [poisoned by a worker ant]
  2671 | D:4      | Slain by a worker ant

Skill      XL: |  1  2  3  4  5 |
---------------+----------------+-----
Stealth        | 1 2 3 |  3.6
Fighting       | 2 |  2.7
Transmutations | 3 |  3.0
Dodging        | 3 |  3.2
Unarmed Combat | 4 |  4.1
Spellcasting   | |  2.0

Action                   |  1- 3 |  4- 6 || total
-------------------------+-------+-------++-------
Melee: Unarmed           |    54 |   103 ||   157
       Constrict         |    14 |    25 ||    39
       Kick              |    17 |    18 ||    35
       Tentacles         |     6 |    15 ||    21
       Punch             |     2 |     1 ||     3
 Cast: Beastly Appendage |    19 |    23 ||    42
       Sticks to Snakes  |     1 |     1 ||     2
  Use: Potion            |     1 |     1 ||     2
 Stab: Sleeping          |     5 |     9 ||    14
  Eat: Chunk             |     1 |     4 ||     5
Armor: Skin              |     4 |     4 ||     8
Dodge: Dodged            |    26 |    65 ||    91

Vault maps used:
D:1:      dpeg_arrival_stone_temple_mockup, serial_glass, glass_columns_a,
          glass_columns_a
D:2:      nicolae_overflow_hidden_temple, first_ration,
          chequers_ecumenical_altar_simple, uniq_jessica
D:3:      lemuel_doored_altar, serial_corexii_hall, corexii_hall_statues_t,
          corexii_hall_statues_i, uniq_robin
D:4:      vehumet_statue, st_stairs_10

Table legend:
 A = Turns spent in this place as a percentage of turns spent in the entire game.
 B = Non-inter-level travel turns spent in this place as a percentage of non-inter-level travel turns spent in the entire game.
 C = Inter-level travel turns spent in this place as a percentage of turns spent in this place.
 D = Turns resting spent in this place as a percentage of non-inter-level travel turns spent in this place.
 E = Turns spent auto-exploring this place as a percentage of non-inter-level travel turns spent in this place.
 F = Non-inter-level travel turns spent in this place divided by the number of levels of this place that you've seen.
                   A       B       C       D       E      F
               +-------+-------+-------+-------+-------+----------------------
         Total | 100.0 | 100.0 |   1.3 |   0.0 |  82.2 | 659.2
       Dungeon | 100.0 | 100.0 |   1.3 |   0.0 |  82.2 | 659.2
               +-------+-------+-------+-------+-------+----------------------

Table legend:
 A = Kills in this place as a percentage of kills in entire the game.
 B = Kills by you in this place as a percentage of kills by you in the entire game.
 C = Kills by friends in this place as a percentage of kills by friends in the entire game.
 D = Other kills in this place as a percentage of other kills in the entire game.
 E = Experience gained in this place as a percentage of experience gained in the entire game.
 F = Experience gained in this place divided by the number of levels of this place that you have seen.
                   A       B       C       D       E      F
               +-------+-------+-------+-------+-------+----------------------
         Total | 100.0 | 100.0 |   N/A |   N/A | 100.0 |  89.2
       Dungeon | 100.0 | 100.0 |   N/A |   N/A | 100.0 |  89.2
               +-------+-------+-------+-------+-------+----------------------
